 Seeded DCSS version 0.28-a0-1236-gb25a51b929 (webtiles) character file.

Game seed: 9050212736688414197 (custom seed)

21100 croobank the Basher (level 12, -9/90 (92) HPs)
             Began as a Barachi Cinder Acolyte on Dec 25, 2021.
             Was a Believer of Ignis.
             Mangled by a death knight (18 damage)
             ... on level 11 of the Dungeon.
             The game lasted 02:19:03 (18811 turns).

croobank the Basher (Barachi Cinder Acolyte)       Turns: 18811, Time: 02:19:03

HP:   -9/90 (92)    AC: 16    Str: 17    XL:     12   Next: 86%
MP:   25/25         EV: 20    Int: 15    God:    Ignis [**....]
Gold: 624           SH:  0    Dex: 11    Spells: 28/30 levels left

rFire   + . .      SeeInvis +   a - +4 dire flail (protect)
rCold   . . .      Faith    .   (shield currently unavailable)
rNeg    . . .      Spirit   .   C - +0 plate armour
rPois   .          Reflect  .   (no helmet)
rElec   +          Harm     .   (no cloak)
rCorr   .          Rampage  .   (no gloves)
Will    +....                   A - +2 pair of boots
Stlth   ..........              h - amulet of the acrobat
HPRegen 0.25/turn               B - ring of willpower
MPRegen 0.19/turn               G - ring of see invisible

@: mighty, unable to hop, acrobatic, lightly drained, slow
A: amphibious, slowness 1, strong legs 1, +LOS, electricity resistance
a: Hop, Renounce Religion, Fiery Armour, Foxfire Swarm, Rising Flame


You were on level 11 of the Dungeon.
You worshipped Ignis.
Ignis was pleased with you.
You visited 4 branches of the dungeon, and saw 15 of its levels.
You also visited: Ossuary.

You collected 624 gold pieces.

Inventory:

Hand Weapons
 a - a +4 dire flail of protection (weapon)
 b - a +0 fustibalus
 P - a +4 short sword of draining
Missiles
 c - 499 stones
 d - 4 curare-tipped darts
 l - 267 arrows
 n - 3 throwing nets
 p - 63 sling bullets
 D - 5 boomerangs (quivered)
 F - 45 poisoned darts
 H - 34 bolts
 K - 10 atropa-tipped darts
Armour
 e - a +2 ring mail of fire resistance
 g - a +2 leather armour of willpower
 k - a +0 buckler
 m - a +0 scale mail
 t - +0 steam dragon scales
 A - a +2 pair of boots (worn)
 C - a +0 plate armour (worn)
 I - +1 acid dragon scales
Magical Staves
 f - a staff of earth
 q - a staff of conjuration
 u - a staff of death
Jewellery
 h - an amulet of the acrobat (around neck)
 s - a ring of flight
 v - a ring of ice
 x - a +6 ring of intelligence
 B - a ring of willpower (left hand)
 G - a ring of see invisible (right hand)
 J - a ring of ice
Wands
 y - a wand of flame (5)
 N - a wand of iceblast (12)
 O - a wand of paralysis (21)
Scrolls
 i - 4 scrolls of teleportation
 j - 2 scrolls of immolation
 o - 2 scrolls of amnesia
 M - 2 scrolls of noise
 Q - a scroll of magic mapping
 R - a scroll of enchant armour
 S - a scroll of silence
Potions
 r - a potion of flight
 w - 5 potions of brilliance
 z - 2 potions of resistance
 L - a potion of cancellation


   Skills:
 - Level 8.0 Fighting
 - Level 8.0 Long Blades
 - Level 13.8 Maces & Flails
 - Level 5.8 Slings
 - Level 5.9 Bows
 - Level 7.1 Armour
 + Level 9.5 Spellcasting
 - Level 7.3 Fire Magic


You had 28 spell levels left.
You knew the following spells:

 Your Spells              Type           Power      Damage    Failure   Level
a - Scorch                Fire           58%        2d8       26%         2

Your spell library contained the following spells:

 Spells                   Type           Power      Damage    Failure   Level
 Shock                    Conj/Air       28%        1d4       98%         1
 Swiftness                Air            7%         N/A       100%        3
 Airstrike                Air            3%         N/A       100%        4
 Flame Wave               Conj/Fire      18%        2d5       100%        4
 Summon Cactus Giant      Summ           3%         N/A       100%        6


Dungeon Overview and Level Annotations

Branches:
Dungeon (12/15)            Temple (1/1) D:6            Lair (1/6) D:10
    Orc (1/2) D:12        Ossuary (visited)

Altars:
Ashenzari
Cheibriados
Dithmenos
Elyvilon
Fedhas
Gozag
Hepliaklqana
Kikubaaqudgha
Makhleb
Nemelex Xobeh
Okawaru
Qazlal
Ru
Sif Muna
Trog
Uskayaw
Vehumet
Wu Jian
Xom
Yredelemnul
Zin
The Shining One

Annotations:
D:3 2 transporters, r3xj's ghost, weakling MiFi
D:7 3 runed translucent doors, chunkyMonkey's ghost, novice DgFi
D:8 1 runed translucent door
D:11 exclusion: downstairs
Lair:1 Sonja


Innate Abilities, Weirdness & Mutations

You are amphibious.
You cover ground slowly.
You can hop short distances.
You have an extended range of vision and can be seen from far away.
You are resistant to electric shocks. (rElec)


Message History

Really walk into a travel-excluded area?
There is a stone staircase leading down here.
You feel very mighty all of a sudden.
This staircase is marked as excluded!
Enter next level anyway?
You climb downwards.
The gnoll shouts!
The death knight hits you with a +0 broad axe!!
A gnoll comes into view. It is wielding a +0 halberd.
The death knight hits you with a +0 broad axe!!
There is a stone staircase leading up, spattered with blood here.
This staircase leads to a travel-excluded area!
Enter next level anyway?
The gnoll shouts!
You hear a shout!
The white ugly thing tentacle-slaps you but does no damage.
The death knight hits you but does no damage.
You climb upwards.
Level annotation: exclusion: downstairs
There is a stone staircase leading down here.
Okay, then.
Hop to where?
Press: ? - help, Dir - move target Boing!
There are monsters nearby!
You sock the white ugly thing!
Your weapon exudes an aura of protection.
The white ugly thing is moderately wounded.
You barely miss the white ugly thing.
The white ugly thing is moderately wounded.
The white ugly thing tentacle-slaps you but does no damage.
You closely miss the white ugly thing.
The white ugly thing is moderately wounded.
The white ugly thing tentacle-slaps you!
The white ugly thing freezes you!!
* * * LOW HITPOINT WARNING * * *
The white ugly thing closely misses you.
The white ugly thing misses you.
The white ugly thing tentacle-slaps you but does no damage.
The death knight hits you with a +0 broad axe!!
You die...

..###..#.##..)).....#.##....#....
.###...............##.........###
.....[........................# #
.....[.........###............# #
#.............####........###.# #
#.........................# #####
#...................##....## #.
...............u..#######..#####.
......#........p@.##.###......##.
......####....###.........##..#..
..##..........# #.###.....#.....#
.###.###......###......###......#
.......)...............# ##.##...
.......................# #<.#...
.............####......## #..###.
..........##..#....)....# #..#...
....}.....##.......###..# #.##...


You could see a death knight and a white ugly thing.

Vanquished Creatures
  A hydra (D:10)
  Harold (D:8)
  Erica (D:8)
  A centaur warrior (D:10)
  A two-headed ogre (D:9)
  Pikel (D:6)
  An ugly thing (D:7)
  2 cyclopes
  2 manticores (D:12)
  An elephant (shapeshifter) (D:10)
  Maurice (D:8)
  A gargoyle (D:11)
  Maggie (D:6)
  2 unseen horrors (D:12)
  2 kobold demonologists (D:10)
  A komodo dragon (D:12)
  A hornet (D:6)
  Prince Ribbit (D:5)
  A wyvern (D:9)
  2 shadows
  13 yaks
  Eustachio (D:6)
  A basilisk (D:10)
  A steam dragon (D:9)
  An acid dragon (D:9)
  Edmund (D:4)
  3 water moccasins
  An ice beast (D:7)
  2 hornet zombies (Ossuary)
  4 orc warriors
  A black bear (D:6)
  3 necrophages
  3 wolves
  An ogre (D:6)
  6 centaurs
  2 kobold brigands (D:10)
  6 bullfrogs
  2 gnoll sergeants
  5 scorpions
  2 wyvern zombies
  4 water moccasin zombies (Ossuary)
  3 killer bees (D:10)
  A howler monkey (D:8)
  5 wights
  2 electric eels
  8 centaur zombies
  7 bullfrog zombies
  2 hounds
  3 orc priests
  A gnoll shaman (D:7)
  3 bullfrog skeletons
  14 mummies (Ossuary)
  5 iguanas
  9 orc wizards
  A killer bee zombie (Ossuary)
  6 adders
  23 gnolls
  A shadow imp (D:7)
  2 ufetubi
  A worm (D:4)
  2 dart slugs
  26 orcs
  9 ball pythons
  5 endoplasms
  2 giant cockroaches
  10 goblins
  4 hobgoblins
  2 jackals (D:5)
  A quokka (D:2)
  6 bats
  5 frilled lizards
  11 kobolds
  2 rats (D:2)
270 creatures vanquished.

Vanquished Creatures (others)
  14 foxfires
  22 fungi (D:7)
  A plant (Lair:1)
  8 withered plants (Ossuary)
45 creatures vanquished.

Grand Total: 315 creatures vanquished

Notes
Turn   | Place    | Note
-------+----------+-------------------------------------------
     0 | D:1      | croobank the Barachi Cinder Acolyte began the quest for the
                  | Orb.
     0 | D:1      | Reached XP level 1. HP: 18/18 MP: 2/2
   424 | D:1      | Reached XP level 2. HP: 25/25 MP: 4/4
   427 | D:1      | Learned a level 2 spell: Scorch
   658 | D:1      | Found a faded altar of an unknown god.
  1083 | D:2      | Found a white marble altar of Elyvilon.
  1108 | D:2      | Reached XP level 3. HP: 30/30 MP: 2/5
  2012 | D:3      | Reached XP level 4. HP: 37/37 MP: 2/7
  2337 | D:3      | Found a transporter.
  2456 | D:3      | Reached XP level 5. HP: 34/43 MP: 2/8
  2622 | D:3      | Found a shimmering blue altar of Sif Muna.
  2944 | D:3      | Found a transporter.
  2952 | D:3      | Noticed r3xj's ghost (weakling MiFi)
  3257 | D:4      | Found a burning altar of Makhleb.
  3261 | D:4      | Reached skill level 5 in Fighting
  3261 | D:4      | Reached skill level 5 in Long Blades
  3261 | D:4      | Reached XP level 6. HP: 50/51 MP: 3/10
  3477 | D:4      | Noticed a necrophage
  3507 | D:4      | Killed a necrophage
  3684 | D:4      | Noticed Edmund
  3704 | D:4      | Killed Edmund
  3705 | D:4      | Reached skill level 5 in Fire Magic
  3705 | D:4      | Reached XP level 7. HP: 27/56 MP: 2/12
  4667 | D:5      | Entered Level 5 of the Dungeon
  4977 | D:5      | Found a sand-covered staircase.
  4982 | Ossuary  | Entered an ossuary
  5016 | Ossuary  | Reached XP level 8. HP: 22/65 MP: 4/14
  5228 | Ossuary  | Reached skill level 5 in Spellcasting
  5931 | Ossuary  | Reached XP level 9. HP: 68/72 MP: 12/17
  6286 | D:5      | Found an iron altar of Okawaru.
  7611 | D:6      | Noticed Prince Ribbit
  7612 | D:6      | Reached skill level 1 in Maces & Flails
  7799 | D:5      | Reached skill level 2 in Maces & Flails
  7802 | D:5      | HP: 2/74 [Prince Ribbit (11)]
  7965 | D:5      | Killed Prince Ribbit
  7966 | D:5      | Reached skill level 3 in Maces & Flails
  8179 | D:5      | Gained mutation: You are resistant to electric shocks.
                  | (rElec) [potion of mutation]
  8251 | D:6      | Reached skill level 4 in Maces & Flails
  8350 | D:5      | HP: 2/74 [orc warrior (5)]
  8706 | D:6      | Noticed Eustachio
  8717 | D:6      | Killed Eustachio
  8878 | D:6      | Reached skill level 5 in Maces & Flails
  9214 | D:6      | Found a broken altar of Ashenzari.
  9214 | D:6      | Found a stormy altar of Qazlal.
  9221 | D:6      | Reached skill level 6 in Maces & Flails
  9260 | D:6      | Noticed Pikel
  9272 | D:6      | Killed Pikel
  9273 | D:6      | Reached skill level 7 in Maces & Flails
  9273 | D:6      | Reached XP level 10. HP: 62/80 MP: 9/19
  9643 | D:6      | Found a staircase to the Ecumenical Temple.
  9643 | D:6      | Noticed Maggie
  9654 | D:6      | Killed Maggie
  9655 | D:6      | Reached skill level 8 in Maces & Flails
  9667 | Temple   | Entered the Ecumenical Temple
  9899 | D:6      | Reached skill level 13 in Maces & Flails
  9899 | D:6      | Reached XP level 11. HP: 86/86 MP: 20/20
  9916 | D:7      | Found an opulent altar of Gozag.
  9918 | D:7      | Found a hide-covered altar of Uskayaw.
  9924 | D:7      | Noticed a cyclops
  9949 | D:7      | Killed a cyclops
  9950 | D:7      | Reached skill level 1 in Armour
 10022 | D:7      | Upgraded the game from 0.28-a0-1235-g7c8fac35f0 to
                  | 0.28-a0-1236-gb25a51b929
 10140 | D:7      | Reached skill level 1 in Slings
 10140 | D:7      | Reached skill level 1 in Bows
 10341 | D:7      | Paralysed by a hornet for 2 turns
 10708 | D:7      | Noticed a red ugly thing
 10833 | D:7      | Killed a red ugly thing
 10927 | D:7      | Found a runed translucent gate.
 10928 | D:7      | Found a runed translucent gate.
 10928 | D:7      | Noticed chunkyMonkey's ghost (novice DgFi)
 10933 | D:7      | Found a runed translucent gate.
 11337 | D:8      | Noticed Harold
 11349 | D:8      | Killed Harold
 11871 | D:8      | Found a runed translucent door.
 11875 | D:8      | Noticed a sixfirhy
 11925 | D:8      | Noticed Maurice
 11936 | D:8      | Killed Maurice
 12067 | D:8      | Found a blossoming altar of Fedhas.
 12152 | D:8      | Noticed Erica
 12163 | D:8      | Killed Erica
 12796 | D:9      | Noticed a two-headed ogre
 12809 | D:9      | Killed a two-headed ogre
 12810 | D:9      | Reached skill level 5 in Armour
 13233 | D:9      | You fall into a shaft and drop 3 floors!
 13236 | D:12     | Found a staircase to the Orcish Mines.
 13571 | D:12     | Reached XP level 12. HP: 69/92 MP: 14/21
 13705 | D:11     | Reached skill level 5 in Slings
 13705 | D:11     | Reached skill level 5 in Bows
 13737 | D:10     | Entered Level 10 of the Dungeon
 13758 | D:10     | Found a bloodstained altar of Trog.
 13899 | D:10     | Found a staircase to the Lair.
 14099 | D:10     | Noticed a centaur warrior
 14119 | D:10     | Killed a centaur warrior
 14619 | D:10     | Found a hazy altar of Hepliaklqana.
 14688 | D:10     | Noticed a four-headed hydra
 14700 | D:10     | Killed a four-headed hydra
 15646 | Lair:1   | Entered Level 1 of the Lair of Beasts
 15694 | Lair:1   | Noticed Sonja
 15885 | Orc:1    | Entered Level 1 of the Orcish Mines
 15946 | D:12     | HP: 4/92 [orc warrior (7)]
 17039 | D:12     | Noticed a death knight
 18811 | D:11     | Mangled by a death knight

Illustrated notes

Levels and vault maps discovered:
D:1:      minmay_arrival_nine_rooms, layout_loops_ring,
          ebering_ecumenical_altar_box, minmay_misc_feat_more_columns
D:2:      layout_rooms, basic_altar
D:3:      layout_loops_ring, led_sif_pool, gammafunk_ghost_mausoleum,
          st_stairs_14
D:4:      layout_basic, makhleb_blood_cavern_becter, uniq_edmund
D:5:      layout_rooms, mainiacjoe_overflow_chevrons, enter_ossuary_2
D:6:      layout_basic, mainiacjoe_overflow_divided_tiny,
          minmay_temple_entry_fiery, minmay_between, uniq_maggie,
          uniq_eustachio, uniq_prince_ribbit1, uniq_pikel
D:7:      layout_loops_cross, mainiacjoe_overflow_catch_the_wave,
          gammafunk_ghost_split
D:8:      cheibrodos_shockbox, layout_loops_ring, fedhas_altar_1,
          nicolae_water_bricks, uniq_maurice, uniq_harold, uniq_erica
D:9:      layout_roguey, fountainhead, grunt_decor_resistance
D:10:     kennysheep_blocky_room, layout_long_grid, trog_hazing_becter,
          nicolae_hepliaklqana_hazy_memory
D:11:     layout_cave_pools
D:12:     layout_loops_ring, orc_0_dummy, minmay_checkerbox, uniq_urug
Temple:   nicolae_temple_x_marks_the_god
Lair:1:   layout_loops_ring, grunt_megastairs_3, lemuel_fruit_tree, uniq_sonja
Orc:1:    layout_caves, hellmonk_ghost_happy_afterlife, basic_altar,
          uniq_erolcha, uniq_gastronok

Skill      XL: |  1  2  3  4  5  6  7  8  9 10 11 12 |
---------------+-------------------------------------+-----
Fighting       | 4 5 6 7 8 |  8.0
Long Blades    | 4 5 6 7 8 |  8.0
Spellcasting   | 2 3 4 5 6 9 |  9.5
Fire Magic     | 4 5 6 7 |  7.3
Maces & Flails | 7 13 | 13.8
Armour         | 5 7 |  7.1
Slings         | 4 5 |  5.8
Bows           | 4 5 |  5.9

Action                   |  1- 3 |  4- 6 |  7- 9 | 10-12 || total
-------------------------+-------+-------+-------+-------++-------
Melee: Falchion          |    43 |    48 |    83 |       ||   174
       Dire flail        |       |       |       |   466 ||   466
 Fire: Hunting sling     |       |       |     7 |    19 ||    26
       Fustibalus        |       |       |       |    11 ||    11
Throw: Stone             |       |     4 |    20 |       ||    24
       Boomerang         |       |       |       |    10 ||    10
 Cast: Scorch            |    23 |    33 |   170 |    82 ||   308
Invok: Fiery Armour      |       |     2 |     1 |     2 ||     5
       Foxfire Swarm     |       |     1 |     1 |     1 ||     3
 Abil: Hop               |       |     1 |     4 |     5 ||    10
Evoke: Wand              |       |       |       |     1 ||     1
  Use: Scroll            |     7 |     1 |     6 |    10 ||    24
       Potion            |     1 |       |     8 |     9 ||    18
Armor: Ring mail         |    19 |    28 |    93 |   173 ||   313
       Robe              |     3 |       |       |       ||     3
       Skin              |       |       |     3 |       ||     3
       Plate armour      |       |       |       |    68 ||    68
       Acid dragon scale |       |       |       |     2 ||     2
Dodge: Dodged            |    39 |    43 |   137 |   257 ||   476

Table legend: (Time is in decaauts)
 A = Elapsed time spent in this place.
 B = Non-inter-level travel time spent in this place.
 C = Inter-level travel time spent in this place.
 D = Time resting spent in this place.
 E = Time spent auto-exploring this place.
 F = Levels seen in this place.
 G = Mean time per level.
                   A        B        C        D        E       F      G
               +--------+--------+--------+--------+--------+-----+--------+
         Total |  20189 |  19379 |    810 |   7845 |   7186 |  16 | 1261.8 |
       Dungeon |  18872 |  18073 |    799 |   7227 |   6890 |  12 | 1572.7 |
        Temple |    171 |    162 |      9 |      0 |    156 |   1 |  171.0 |
          Lair |     52 |     52 |      0 |      0 |      0 |   1 |   52.0 |
  Orcish Mines |     10 |     10 |      0 |      0 |      0 |   1 |   10.0 |
       Ossuary |   1082 |   1082 |      0 |    617 |    140 |   1 | 1082.0 |
               +--------+--------+--------+--------+--------+-----+--------+

Top non-repeatable levels by time:
     D:5: 2398 daAuts
    D:10: 2107 daAuts
     D:4: 2059 daAuts
     D:6: 1974 daAuts
     D:8: 1781 daAuts
     D:9: 1443 daAuts
    D:12: 1392 daAuts
     D:3: 1358 daAuts
     D:7: 1208 daAuts
    D:11: 1148 daAuts
 Ossuary: 1082 daAuts
     D:2: 1032 daAuts
     D:1: 966 daAuts
  Temple: 171 daAuts
  Lair:1: 52 daAuts
